 Dungeon Crawl Stone Soup version 0.20-a0-315-g8346a86 (webtiles) character file.

156333 Kidiri the Eclecticist (level 17, 0/97 HPs)
             Began as a Deep Elf Fire Elementalist on Dec 20, 2016.
             Was the Champion of Vehumet.
             Succumbed to a naga sharpshooter's splash of poison
             ... on level 3 of the Snake Pit.
             The game lasted 02:24:10 (39977 turns).

Kidiri the Eclecticist (DEFE)                      Turns: 39977, Time: 02:24:10

Health: 0/97       AC: 20    Str:  8    XL:     17   Next: 10%
Magic:  26/40      EV: 24    Int: 28    God:    Vehumet [******]
Gold:   2293       SH: 10    Dex: 15    Spells: 1/50 levels left

rFire  . . .     SeeInvis .     z - +9 dagger of Chilly Death {flash freeze, rPois rF- rC++ MR+}
rCold  + + .     Gourm    .     d - +2 robe {rN+}
rNeg   + . .     Faith    .     p - +1 shield {reflect}
rPois  +         Spirit   .     t - +2 hat {MR+}
rElec  .         Reflect  +     k - +1 cloak
rCorr  .         Harm     .     B - +2 pair of gloves {Str+3}
MR     +++..     Rnd*Rage +     m - +1 pair of boots
Stlth  +++....... Rnd*Tele +    (no amulet)
                                Y - ring of protection from fire
                                A - +6 ring of evasion

@: lethally poisoned (0 -> -1), exhausted, slowed, invisible, very slow
A: icy blue scales 1, slimy green scales 1, yellow scales 1, camouflage 1,
berserk 2, blink, screaming 1, teleportitis 1, wild magic 1
a: Blink, Renounce Religion


You were on level 3 of the Snake Pit.
You worshipped Vehumet.
Vehumet was exalted by your worship.
You were not hungry.

You visited 5 branches of the dungeon, and saw 27 of its levels.

You collected 2524 gold pieces.
You spent 231 gold pieces at shops.

Inventory:

Hand Weapons
 z - the +9 dagger of Chilly Death (weapon) {flash freeze, rPois rF- rC++ MR+}
   (You found it on level 2 of the Lair of Beasts)

   It has been specially enchanted to freeze those struck by it, causing extra
   injury to most foes and up to half again as much damage against particularly
   susceptible opponents.
   It can also slow down cold-blooded creatures.
   It makes you vulnerable to fire.
   It greatly protects you from cold.
   It protects you from poison.
   It affects your resistance to hostile enchantments.
Armour
 d - a +2 robe of positive energy (worn)
 k - a +1 cloak (worn)
 m - a +1 pair of boots (worn)
 p - a +1 shield of reflection (worn)
 t - a +2 hat of magic resistance (worn)
 B - a +2 pair of gloves of strength (worn)
 E - +0 acid dragon scales
Jewellery
 w - an uncursed ring of stealth
 A - a +6 ring of evasion (left hand)
 F - a +2 ring of protection
 Y - a ring of protection from fire (right hand)
Wands
 b - a wand of hasting (2/9)
 e - a wand of teleportation (1/9)
 n - a wand of lightning (5/15)
 r - a wand of digging (11/24)
 u - a wand of slowing (9/48)
 x - a wand of iceblast (9/15)
 C - a wand of acid (4/15)
 G - a wand of polymorph (10/24)
 K - a wand of disintegration (13/24)
 O - a wand of lightning (5/15)
 P - a wand of lightning (6/15)
 S - a wand of polymorph (13/24)
Scrolls
 f - 2 scrolls of immolation
 i - 8 scrolls of remove curse
 s - 2 scrolls of teleportation
 y - 3 scrolls of magic mapping
 I - a scroll of enchant weapon
 M - 3 scrolls of recharging
 N - a scroll of holy word {unknown}
Potions
 a - 4 potions of agility
 g - 6 potions of flight
 h - a potion of resistance
 j - 4 potions of might
 o - 3 potions of cure mutation
 D - 6 potions of brilliance
 H - a potion of cancellation
 L - a potion of magic
Books
 Z - a book of Clouds

   Spells                             Type                      Level
   a - Mephitic Cloud                 Conjuration/Poison/Air       3
   b - Conjure Flame                  Conjuration/Fire             3
   c - Poisonous Cloud                Conjuration/Poison/Air       5
   d - Freezing Cloud                 Conjuration/Ice/Air          6
   e - Ring of Flames                 Charms/Fire                  7
Comestibles
 c - 13 bread rations
 l - 2 meat rations
 q - 11 royal jellies


   Skills:
 + Level 7.9 Fighting
 - Level 8.7 Short Blades
 + Level 7.7 Armour
 - Level 10.6 Dodging
 - Level 2.4 Stealth
 + Level 6.2 Shields
 * Level 17.4 Spellcasting
 + Level 11.1 Conjurations
 + Level 11.5 Fire Magic
 + Level 7.5 Air Magic
 + Level 7.9 Earth Magic
 + Level 8.3 Poison Magic
 + Level 10.2 Evocations


You had one spell level left.
You knew the following spells:

 Your Spells              Type           Power        Failure   Level  Hunger
a - Flame Tongue          Conj/Fire      #####        1%          1    None
b - Throw Flame           Conj/Fire      ######       1%          2    None
c - Conjure Flame         Conj/Fire      #######.     1%          3    None
d - Inner Flame           Hex/Fire       ######..     1%          3    None
e - Ignite Poison         Fire/Tmut/Pois ######..     1%          3    None
f - Sticky Flame          Conj/Fire      #######.     1%          4    None
g - Fireball              Conj/Fire      #######...   1%          5    None
h - Bolt of Magma         Conj/Fire/Erth #######...   1%          5    None
i - Bolt of Fire          Conj/Fire      #######...   4%          6    ###....
j - Ring of Flames        Chrm/Fire      ######....   100%        7    #####..
k - Iron Shot             Conj/Erth      #######...   8%          6    ###....
l - Shock                 Conj/Air       ####         1%          1    None
m - Mephitic Cloud        Conj/Pois/Air  #######.     1%          3    None


Dungeon Overview and Level Annotations

Branches:
Dungeon (15/15)            Temple (1/1) D:5            Lair (6/6) D:8
 Shoals (0/4) Lair:3        Snake (3/4) Lair:2        Slime (0/5) Lair:5
    Orc (2/2) D:12            Elf (0/3) Orc:2        Vaults (0/5) D:14
 Depths (0/5) D:15

Altars:
Ashenzari
Cheibriados
Dithmenos
Elyvilon
Fedhas
Gozag
Hepliaklqana
Kikubaaqudgha
Makhleb
Nemelex Xobeh
Okawaru
Qazlal
Ru
Sif Muna
Trog
Uskayaw
Vehumet
Xom
Yredelemnul
Zin
The Shining One
Beogh
Jiyva

Shops:
D:8 [   D:12 *   D:14 [   Orc:2 [([}

Annotations:
Lair:6 exclusion: oklob plant
Snake:3 Vashnia


Innate Abilities, Weirdness & Mutations

You are partially covered in icy blue scales. (AC +2)
You are partially covered in slimy green scales. (AC +2)
You are partially covered in yellow scales. (AC +2)
Your skin changes colour to match your surroundings (Stealth+).
You often lose your temper in combat.
You can translocate small distances at will.
You occasionally shout uncontrollably at your foes.
You are occasionally teleported next to monsters.
Your spells are a little harder to cast, but a little more powerful.


Message History

* * * LOW HITPOINT WARNING * * *
A naga mage comes into view. It is wielding a spear.
You see here 2 arrows.
Casting: Mephitic Cloud
Confirm with . or Enter, or press ? or * to list all spells.
You ignite the poison in your surroundings!
* * * LOW HITPOINT WARNING * * *
You feel sick.
The naga mage is engulfed in roaring flames.
The naga sharpshooter is engulfed in roaring flames.
Vashnia is engulfed in roaring flames.
Vashnia shoots an arrow.
You reflect the arrow off your +1 shield of reflection!
The arrow hits Vashnia!
A black mamba comes into view.
Okay, then.
Unknown command.
Evoke which item? (* to show all) (? for menu, Esc to quit)
Okay, then.
You fade into invisibility!
You die...

### #....#
#SN..#
#....#
##....#
######.....#
#..........#
#...%......#
#......(@..#
....
#######)####
##(... #N#
..N.(. §N(
..NN.. .§§(.
.N.. S......
..#
.##.....# .#
.. #######
.+


You could see Vashnia, a naga sharpshooter, 2 black mambas and a naga mage.

Vanquished Creatures
  Saint Roka (Snake:2)
  Gastronok (Lair:3)
  A storm dragon (D:13)
  Frances (D:12)
  Donald (Orc:2)
  3 nagarajas (Snake:2)
  2 orc warlords (Orc:2)
  Aizul (Snake:1)
  A dire elephant (Lair:6)
  An ettin (D:13)
  A fire dragon (D:14)
  2 yaktaur captains
  Josephine (D:12)
  2 ice dragons (Lair:2)
  A vault guard (D:14)
  10 hydras
  3 anacondas
  7 two-headed ogres
  2 catoblepae
  5 naga warriors
  2 centaur warriors
  3 tengu warriors
  A deep troll shaman (Lair:6)
  11 death yaks (Lair:6)
  A deep troll earth mage (D:13)
  3 orc high priests (Orc:2)
  Nergalle (D:12)
  Sonja (D:12)
  4 shock serpents
  13 naga sharpshooters
  2 salamander mystics (Snake:2)
  2 unseen horrors
  2 naga ritualists
  Pikel (D:7)
  6 mana vipers
  A wizard (D:11)
  A necromancer (Lair:3)
  2 deep elf magi (D:13)
  4 orc knights
  19 ugly things
  5 salamanders
  5 orc sorcerers
  A manticore (D:15)
  2 cyclopes
  15 elephants
  20 black mambas
  12 naga magi
  A torpor snail (Lair:4)
  9 centaur skeletons
  11 spiny frogs
  4 gargoyles
  5 rime drakes
  6 komodo dragons
  A kobold demonologist (D:13)
  A yaktaur (D:15)
  2 efreet (D:13)
  7 trolls
  2 polar bears (Lair:6)
  2 tengu conjurers
  A wind drake (Lair:6)
  2 hornets (D:8)
  17 hippogriffs
  15 blink frogs
  8 dream sheep
  5 wraiths
  4 wyverns
  A vampire (D:14)
  5 basilisks
  36 yaks
  3 vampire mosquitoes (D:13)
  4 hungry ghosts
  4 wargs
  2 soldier ants
  3 acid dragons
  26 nagas
  Duvessa (D:7)
  11 water moccasins
  10 porcupines
  2 hell hounds (D:8)
  36 orc warriors
  23 ice beasts
  6 sky beasts
  3 slaves (D:7)
  A black bear (D:7)
  3 eyes of draining
  4 phantoms
  A necrophage (D:10)
  16 wolves
  7 ogres
  19 centaurs
  14 crocodiles
  2 big kobolds
  20 bullfrogs
  3 wyvern zombies
  Dowan (D:7)
  9 scorpions
  14 killer bees
  9 wights
  6 howler monkeys
  10 crimson imps
  7 centaur zombies
  2 quasits
  4 bullfrog skeletons
  23 orc priests
  31 orc wizards
  7 hounds
  4 iguanas
  2 jellies
  Jessica (D:3)
  9 worker ants
  4 polar bear simulacra (Lair:3)
  4 yak simulacra (Lair:3)
  A killer bee zombie (D:9)
  A wolf simulacrum (Lair:3)
  3 hound skeletons
  Robin (D:3)
  17 adders
  5 shadow imps
  2 oozes
  An adder skeleton (D:6)
  3 worms
  5 dart slugs
  5 leopard geckos
  115 orcs
  4 bats
  7 giant cockroaches
  20 goblins
  9 hobgoblins
  18 jackals
  3 quokkas
  A frilled lizard (D:3)
  18 kobolds
  A leopard gecko zombie (D:8)
  10 rats
  2 river rat simulacra (Lair:3)
  A fire vortex (D:13)
  A fungus (Lair:2)
  2 plants (Lair:6)
959 creatures vanquished.

Vanquished Creatures (others)
  A bullfrog (D:13)
  A bullfrog skeleton (D:9)
  A hobgoblin (D:1)
  4 fungi
  5 plants
12 creatures vanquished.

Grand Total: 971 creatures vanquished

Notes
Turn   | Place    | Note
-------+----------+-------------------------------------------
     0 | D:1      | Kidiri the Deep Elf Fire Elementalist began the quest for the Orb.
     0 | D:1      | Reached XP level 1. HP: 10/10 MP: 6/6
   222 | D:1      | Reached XP level 2. HP: 15/15 MP: 2/8
   706 | D:1      | Learned a level 2 spell: Throw Flame
   804 | D:1      | Reached skill level 4 in Spellcasting
  1170 | D:1      | Reached XP level 3. HP: 19/19 MP: 8/10
  1175 | D:1      | Learned a level 3 spell: Conjure Flame
  1179 | D:1      | Learned a level 3 spell: Inner Flame
  2248 | D:2      | Reached XP level 4. HP: 24/24 MP: 8/12
  2750 | D:3      | Reached skill level 5 in Spellcasting
  2908 | D:3      | Noticed Jessica
  2916 | D:3      | Killed Jessica
  2916 | D:3      | Reached XP level 5. HP: 25/28 MP: 11/14
  2922 | D:3      | Learned a level 4 spell: Sticky Flame
  3490 | D:3      | Noticed Robin
  3495 | D:3      | Killed Robin
  3498 | D:3      | Reached skill level 6 in Spellcasting
  3762 | D:4      | Noticed an ogre
  3771 | D:4      | Killed an ogre
  3771 | D:4      | Reached skill level 5 in Fire Magic
  3771 | D:4      | Reached XP level 6. HP: 32/32 MP: 1/17
  3778 | D:4      | Learned a level 5 spell: Fireball
  4115 | D:4      | Found a glowing silver altar of Zin.
  4117 | D:4      | Found a white marble altar of Elyvilon.
  4124 | D:4      | Found a shattered altar of Ashenzari.
  4126 | D:4      | Found a glowing golden altar of the Shining One.
  4131 | D:4      | Found a radiant altar of Vehumet.
  4137 | D:4      | Became a worshipper of Vehumet
  4455 | D:4      | Noticed a wyvern
  4461 | D:4      | Killed a wyvern
  4461 | D:4      | Reached skill level 7 in Spellcasting
  4461 | D:4      | Reached XP level 7. HP: 2/36 MP: 10/19
  4920 | D:5      | Entered Level 5 of the Dungeon
  5447 | D:5      | Reached skill level 8 in Spellcasting
  5859 | D:4      | Gained mutation: You are partially covered in icy blue scales. (AC +2) [mutagenic meat]
  6019 | D:5      | Reached skill level 1 in Evocations
  6030 | D:5      | Found a staircase to the Ecumenical Temple.
  6046 | Temple   | Entered the Ecumenical Temple
  6319 | D:5      | Reached XP level 8. HP: 39/42 MP: 15/22
  6694 | D:5      | Reached skill level 1 in Short Blades
  6762 | D:6      | Reached skill level 1 in Armour
  6863 | D:6      | Reached skill level 1 in Fighting
  6869 | D:6      | Reached * piety under Vehumet
  6869 | D:6      | Offered knowledge of Shock by Vehumet.
  6872 | D:6      | Learned a level 1 spell: Shock
  6969 | D:6      | Reached skill level 9 in Spellcasting
  7177 | D:6      | Reached skill level 5 in Conjurations
  7955 | D:6      | Noticed a troll
  7966 | D:6      | Killed a troll
  8263 | D:6      | Found a sacrificial altar of Ru.
  8330 | D:6      | Reached XP level 9. HP: 46/48 MP: 22/24
  8495 | D:7      | Noticed Duvessa
  8499 | D:7      | Noticed Dowan
  8507 | D:7      | Killed Duvessa
  8515 | D:7      | Killed Dowan
  8515 | D:7      | Reached skill level 10 in Spellcasting
  8742 | D:7      | Reached ** piety under Vehumet
  8742 | D:7      | Offered knowledge of Searing Ray by Vehumet.
  8887 | D:7      | Noticed Pikel
  8894 | D:7      | Killed Pikel
  9202 | D:7      | Reached skill level 5 in Dodging
  9867 | D:7      | You fall through a shaft for 2 floors!
  9899 | D:9      | Noticed a gargoyle
 10486 | D:8      | Reached XP level 10. HP: 56/56 MP: 13/26
 10575 | D:8      | Reached skill level 11 in Spellcasting
 10844 | D:8      | Offered knowledge of Mephitic Cloud by Vehumet.
 10855 | D:8      | Learned a level 3 spell: Mephitic Cloud
 10952 | D:8      | Found a staircase to the Lair.
 10983 | D:8      | Found Zaxzoxzots's Antique Armour Shop.
 10989 | D:8      | Reached *** piety under Vehumet
 10992 | D:8      | Bought a pair of runed gloves for 231 gold pieces
 11020 | D:8      | You fall through a shaft for 3 floors!
 11049 | D:11     | Noticed a cyclops
 11051 | D:11     | Noticed a four-headed hydra
 11056 | D:11     | Killed a four-headed hydra
 11069 | D:11     | Killed a cyclops
 11200 | D:11     | Noticed a two-headed ogre
 11214 | D:11     | Killed a two-headed ogre
 11214 | D:11     | Reached XP level 11. HP: 60/60 MP: 18/28
 11345 | D:11     | Noticed a white ugly thing
 11356 | D:11     | Killed a white ugly thing
 11356 | D:11     | Reached skill level 12 in Spellcasting
 11356 | D:11     | Reached skill level 5 in Evocations
 11384 | D:11     | Gained mutation: You tend to lose your temper in combat. [mutagenic meat]
 11385 | D:11     | Gained mutation: Your flesh is cold resistant. (rC+) [mutagenic meat]
 11386 | D:11     | Gained mutation: Your spells are a little easier to cast, but a little less powerful. [mutagenic meat]
 11387 | D:11     | Gained mutation: You are agile. (Dex +2) [mutagenic meat]
 11399 | D:11     | Offered knowledge of Ignite Poison by Vehumet.
 11414 | D:11     | Learned a level 3 spell: Ignite Poison
 11815 | D:10     | Entered Level 10 of the Dungeon
 11860 | D:10     | Reached skill level 5 in Short Blades
 11871 | D:10     | Noticed a two-headed ogre
 11872 | D:10     | Reached **** piety under Vehumet
 11907 | D:10     | Killed a two-headed ogre
 11907 | D:10     | Reached skill level 1 in Air Magic
 11907 | D:10     | Reached skill level 1 in Poison Magic
 11997 | D:10     | Offered knowledge of Airstrike by Vehumet.
 13371 | D:9      | Found a sparkling altar of Nemelex Xobeh.
 13576 | D:9      | Noticed a tengu warrior
 13592 | D:9      | Killed a tengu warrior
 13727 | D:9      | Reached XP level 12. HP: 67/67 MP: 19/30
 13765 | D:9      | Reached ***** piety under Vehumet
 13765 | D:9      | Offered knowledge of Yara's Violent Unravelling by Vehumet.
 13907 | D:9      | Found a snail-covered altar of Cheibriados.
 14116 | D:8      | Found a white marble altar of Elyvilon.
 14325 | D:8      | Found a hazy altar of Hepliaklqana.
 14539 | D:11     | Reached skill level 13 in Spellcasting
 14672 | D:11     | Learned a level 5 spell: Bolt of Magma
 14679 | D:11     | Learned a level 6 spell: Iron Shot
 14891 | D:12     | Found a staircase to the Orcish Mines.
 14924 | D:12     | Noticed Sonja
 14934 | D:12     | Noticed Frances
 15039 | Lair:1   | Entered Level 1 of the Lair of Beasts
 15114 | Lair:1   | Reached skill level 1 in Earth Magic
 15177 | Lair:1   | Reached skill level 1 in Shields
 15218 | Lair:1   | Noticed a five-headed hydra
 15244 | Lair:1   | Killed a five-headed hydra
 15244 | Lair:1   | Reached skill level 5 in Armour
 15776 | Lair:1   | Noticed a four-headed hydra
 15851 | Lair:1   | Reached skill level 5 in Fighting
 16156 | Lair:1   | Killed a four-headed hydra
 16643 | Lair:2   | Noticed an ice dragon
 16651 | Lair:2   | Killed an ice dragon
 16990 | Lair:2   | Found a staircase to the Snake Pit.
 17207 | Lair:2   | Reached XP level 13. HP: 65/72 MP: 23/32
 17257 | Lair:2   | Got a fabulously ornate robe
 17268 | Lair:2   | Identified the +1 robe of the Forest {Dex+4} (You found it on level 2 of the Lair of Beasts)
 18305 | Lair:3   | Found a staircase to the Shoals.
 18516 | Lair:3   | Offered knowledge of Bolt of Fire by Vehumet.
 18521 | Lair:3   | Noticed Gastronok
 18556 | Lair:3   | Killed Gastronok
 18556 | Lair:3   | Reached skill level 14 in Spellcasting
 18790 | Lair:3   | Learned a level 6 spell: Bolt of Fire
 20832 | Lair:5   | Reached skill level 5 in Poison Magic
 21332 | Lair:5   | Found a staircase to the Slime Pits.
 21333 | Lair:5   | Found a viscous altar of Jiyva.
 21390 | Lair:5   | Reached XP level 14. HP: 79/79 MP: 27/34
 21406 | Lair:5   | Offered knowledge of Spellforged Servitor by Vehumet.
 21512 | Lair:5   | Found an opulent altar of Gozag.
 21552 | Lair:5   | Learned a level 2 spell: Throw Flame
 22034 | Lair:6   | Entered Level 6 of the Lair of Beasts
 22280 | Lair:6   | Reached skill level 5 in Earth Magic
 22451 | Lair:6   | Reached skill level 5 in Air Magic
 22454 | Lair:6   | Reached skill level 10 in Fire Magic
 23147 | Lair:6   | Reached skill level 15 in Spellcasting
 23796 | Lair:6   | Offered knowledge of Poisonous Cloud by Vehumet.
 24201 | D:12     | Killed Frances
 24556 | D:12     | Killed Sonja
 24879 | D:12     | Found Ceshenoa's General Store.
 24941 | D:12     | Noticed Nergalle
 24954 | D:12     | Killed Nergalle
 25095 | D:12     | Gained mutation: You often lose your temper in combat. [mutagenic meat]
 25096 | D:12     | Gained mutation: You are resistant to hostile enchantments. (MR+) [mutagenic meat]
 25097 | D:12     | Lost mutation: You are agile. (Dex +2) [mutagenic meat]
 25098 | D:12     | Lost mutation: Your spells are a little easier to cast, but a little less powerful. [mutagenic meat]
 25099 | D:12     | Lost mutation: Your flesh is cold resistant. (rC+) [mutagenic meat]
 25204 | D:12     | Noticed Josephine
 25232 | D:12     | Killed Josephine
 25603 | Orc:1    | Entered Level 1 of the Orcish Mines
 25809 | Orc:2    | Entered Level 2 of the Orcish Mines
 25940 | Orc:2    | Found a roughly hewn altar of Beogh.
 25949 | Orc:2    | Found Dirin's Armour Shop.
 26086 | Orc:2    | Noticed Donald
 26317 | D:11     | Gained mutation: Your movements are slightly less encumbered by armour. (ER -2) [mutagenic meat]
 26318 | D:11     | Gained mutation: You have an uncontrollable temper. [mutagenic meat]
 26319 | D:11     | Gained mutation: Your body sometimes deteriorates upon taking damage. [mutagenic meat]
 26484 | Snake:1  | Entered Level 1 of the Snake Pit
 26489 | Snake:1  | Reached skill level 10 in Conjurations
 26489 | Snake:1  | Reached XP level 15. HP: 84/84 MP: 24/36
 28271 | Snake:1  | Offered knowledge of Ozocubu's Refrigeration by Vehumet.
 28499 | Snake:1  | Reached skill level 10 in Dodging
 29196 | Snake:1  | Reached skill level 16 in Spellcasting
 29352 | Snake:1  | Noticed Aizul
 29369 | Snake:1  | Killed Aizul
 29405 | Snake:1  | Lost mutation: Your body sometimes deteriorates upon taking damage. [mutagenic meat]
 29406 | Snake:1  | Gained mutation: You are weak. (Str -2) [mutagenic meat]
 29408 | Snake:1  | Gained mutation: You occasionally shout uncontrollably at your foes. [mutagenic meat]
 29409 | Snake:1  | Gained mutation: Your skin changes colour to match your surroundings (Stealth+). [mutagenic meat]
 29999 | Snake:2  | Reached skill level 5 in Shields
 30136 | Snake:2  | Noticed a nagaraja
 30140 | Snake:2  | Killed a nagaraja
 30355 | Snake:2  | Noticed Saint Roka
 30370 | Snake:2  | Killed Saint Roka
 30761 | Snake:2  | Noticed a nagaraja
 30769 | Snake:2  | Gained mutation: Your spells are a little harder to cast, but a little more powerful. [potion of mutation]
 30769 | Snake:2  | Lost mutation: You are resistant to hostile enchantments. (MR+) [potion of mutation]
 30769 | Snake:2  | Lost mutation: Your movements are slightly less encumbered by armour. (ER -2) [potion of mutation]
 30783 | Snake:2  | Noticed a nagaraja
 31755 | Orc:2    | Noticed an orc warlord
 31769 | Orc:2    | Killed an orc warlord
 31773 | Orc:2    | Offered knowledge of Conjure Ball Lightning by Vehumet.
 32018 | Orc:2    | Found a roughly hewn altar of Beogh.
 32118 | Orc:2    | Killed Donald
 32143 | Orc:2    | Found a roughly hewn altar of Beogh.
 32571 | Orc:2    | Found a roughly hewn altar of Beogh.
 32575 | Orc:2    | Reached XP level 16. HP: 92/92 MP: 12/38
 32591 | Orc:2    | Found Gulasop's Gadget Shop.
 32717 | Orc:2    | Found a staircase to the Elven Halls.
 33088 | Orc:2    | Found Berhuuc's Antique Weapon Emporium.
 33112 | Orc:2    | Found a roughly hewn altar of Beogh.
 33117 | Orc:2    | Found Baecleoq's Antique Armour Shoppe.
 33579 | Lair:1   | Gained mutation: You passively map a small area around you. [potion of mutation]
 33579 | Lair:1   | Lost mutation: You have an uncontrollable temper. [potion of mutation]
 33844 | D:13     | Offered knowledge of Bolt of Cold by Vehumet.
 34018 | D:13     | Noticed a storm dragon
 34039 | D:13     | Killed a storm dragon
 35093 | D:14     | Gained mutation: You are robust. (+10% HP) [mutagenic meat]
 35094 | D:14     | Lost mutation: You are weak. (Str -2) [mutagenic meat]
 35507 | D:14     | Gained mutation: You are partially covered in yellow scales. (AC +2) [mutagenic meat]
 35508 | D:14     | Gained mutation: Your spells are harder to cast, but more powerful. [mutagenic meat]
 35509 | D:14     | Gained mutation: You can translocate small distances at will. [mutagenic meat]
 35512 | D:14     | Lost mutation: You passively map a small area around you. [mutagenic meat]
 35513 | D:14     | Gained mutation: You are partially covered in slimy green scales. (AC +2) [mutagenic meat]
 35515 | D:14     | Lost mutation: You are robust. (+10% HP) [mutagenic meat]
 35516 | D:14     | Gained mutation: You are occasionally teleported next to monsters. [mutagenic meat]
 35776 | D:14     | Found Irykk's Armour Emporium.
 35858 | D:14     | Reached skill level 17 in Spellcasting
 36192 | D:14     | Learned a level 7 spell: Ring of Flames
 36453 | D:14     | Found a gate to the Vaults.
 36895 | D:15     | Entered Level 15 of the Dungeon
 36948 | D:15     | Lost mutation: Your spells are harder to cast, but more powerful. [potion of mutation]
 36948 | D:15     | Gained mutation: Your mind is acute. (Int +2) [potion of mutation]
 36948 | D:15     | Lost mutation: Your mind is acute. (Int +2) [potion of mutation]
 37423 | D:15     | Found a staircase to the Depths.
 37877 | D:15     | Reached skill level 10 in Evocations
 39416 | Snake:2  | Reached ****** piety under Vehumet
 39416 | Snake:2  | Reached XP level 17. HP: 97/97 MP: 14/40
 39932 | Snake:3  | Noticed Vashnia
 39975 | Snake:3  | HP: 1/97 [naga sharpshooter/arrow[Vashnia] (11)]
 39977 | Snake:3  | Succumbed to a naga sharpshooter's splash of poison

Vault maps used:
D:1:      dpeg_arrival_water_fire, minmay_misc_feat_pillars,
          minmay_misc_feat_four_crosses, lexackson_kobold_supper
D:2:      first_bread
D:3:      uniq_jessica, uniq_robin
D:4:      minitemple, minmay_misc_feat_encased
D:6:      nicolae_ru_path_of_blood
D:7:      uniq_duvessa, uniq_pikel
D:8:      kennysheep_mini_moat, minmay_lair_entry_lava, serial_shops, shop,
          hangedman_pestilent_swarm, elyvilon_altar_4
D:9:      lemuel_round_altar, slow_altar_2
D:11:     lightli_wizard_tower
D:12:     orc_0_dummy, serial_shops, shop, uniq_frances, uniq_nergalle,
          uniq_josephine, uniq_sonja
D:13:     minmay_sliced_demisemicircle
D:14:     david_vaults_5, serial_park_tiny_2, serial_shops,
          kennysheep_little_box
D:15:     grunt_enter_depths_snipers, grunt_decor_one_mirror
Temple:   nicolae_temple_figure_eight
Lair:1:   grunt_megastairs_2
Lair:2:   guppyfry_snake_entry_garden, minmay_guarded_unrand_chilly_death
Lair:3:   shoals_dummy_entry, eino_house_with_fridge, serial_bayou_shore_b,
          grunt_megastairs_1, uniq_gastronok
Lair:5:   slime_altar_1, basic_altar, minivault_11, minivault_26
Lair:6:   grunt_lair_end_beastmaster, st_stairs_9
Snake:1:  grunt_ministairs_8, serial_bayou_shore_b, grunt_megastairs_3,
          uniq_aizul
Snake:2:  uniq_saint_roka
Snake:3:  serial_bayou_shore_b, uniq_vashnia
Orc:2:    grunt_orc_community_town_hall, grunt_orc_community_big_house_2,
          grunt_orc_community_big_house_2, grunt_orc_community_house_1,
          grunt_orc_community_house_3, grunt_orc_community_house_3,
          grunt_orc_community_house_1, grunt_orc_community_house_1,
          grunt_orc_community_house_1, uniq_donald

Skill      XL: |  1  2  3  4  5  6  7  8  9 10 11 12 13 14 15 16 |
---------------+-------------------------------------------------+-----
Spellcasting   | 4 5 6 7 8 9 10 11 12 13 14 15 16 17 | 17.4
Fire Magic     | 4 5 6 7 8 9 10 11 | 11.5
Conjurations   | 2 3 4 5 6 7 8 9 10 11 | 11.1
Evocations     | 1 2 3 4 6 7 8 9 10 | 10.2
Dodging        | 4 5 6 7 8 9 10 | 10.6
Short Blades   | 2 3 4 5 6 7 8 |  8.7
Armour         | 1 2 3 4 5 6 7 |  7.7
Fighting       | 1 3 4 5 6 7 |  7.9
Air Magic      | 2 3 4 5 6 7 |  7.5
Poison Magic   | 2 3 5 6 7 8 |  8.3
Earth Magic    | 3 4 5 6 7 |  7.9
Shields        | 2 3 4 5 6 |  6.2
Stealth        | |  2.4

Action                   |  1- 3 |  4- 6 |  7- 9 | 10-12 | 13-15 | 16-18 || total
-------------------------+-------+-------+-------+-------+-------+-------++-------
Melee: Dagger            |    73 |    26 |   523 |   318 |   792 |   520 ||  2252
 Cast: Flame Tongue      |    68 |    72 |   154 |   299 |    72 |    10 ||   675
       Throw Flame       |     3 |    19 |    27 |    30 |    16 |     2 ||    97
       Conjure Flame     |     1 |     1 |     6 |    10 |    14 |     1 ||    33
       Sticky Flame      |       |     3 |    23 |    78 |    66 |    12 ||   182
       Inner Flame       |       |       |     5 |     3 |     3 |       ||    11
       Shock             |       |       |    11 |    72 |     1 |       ||    84
       Mephitic Cloud    |       |       |       |     8 |     8 |    19 ||    35
       Fireball          |       |       |       |     4 |     6 |       ||    10
       Ignite Poison     |       |       |       |     6 |     3 |    10 ||    19
       Bolt of Magma     |       |       |       |    18 |    34 |     5 ||    57
       Bolt of Fire      |       |       |       |       |   185 |    92 ||   277
       Iron Shot         |       |       |       |       |    23 |    13 ||    36
Evoke: Wand              |       |       |     1 |     1 |     4 |       ||     6
  Use: Scroll            |     1 |     4 |     7 |    10 |    13 |     4 ||    39
       Potion            |     1 |       |     4 |       |    10 |     4 ||    19
 Stab: Sleeping          |     3 |     8 |     4 |    10 |     6 |    11 ||    42
       Distracted        |       |       |       |       |     2 |     1 ||     3
       Petrified         |       |       |       |       |     2 |     2 ||     4
       Confused          |       |       |       |       |       |     2 ||     2
  Eat: Chunk             |     4 |     6 |    16 |    18 |    50 |    35 ||   129
       Pizza             |       |       |     2 |     3 |     1 |     2 ||     8
       Beef jerky        |       |       |     2 |       |     8 |     2 ||    12
       Fruit             |       |       |       |     6 |     1 |       ||     7
       Meat ration       |       |       |       |       |     6 |     2 ||     8
Armor: Robe              |    12 |     3 |   124 |       |    28 |    87 ||   254
       Leather armour    |       |       |    76 |   146 |   110 |       ||   332
Dodge: Dodged            |    50 |    34 |   339 |   543 |   619 |   270 ||  1855
Block: Buckler           |       |       |       |    22 |   191 |       ||   213
       Shield            |       |       |       |       |    14 |   211 ||   225
       Reflection        |       |       |       |       |       |    15 ||    15
